 Dungeon Crawl Stone Soup version 0.19.0-24-gb05acd6 (webtiles) character file.

6630 nikopol the Spear-Bearer (level 10, -5/93 HPs)
             Began as a Minotaur Berserker on Nov 22, 2016.
             Was an Elder of Trog.
             Slain by an unseen horror (9 damage)
             ... on level 10 of the Dungeon.
             The game lasted 00:20:25 (9368 turns).

nikopol the Spear-Bearer (Minotaur Berserker)       Turns: 9368, Time: 00:20:26

Health: -5/93      AC:  8    Str: 22    XL:     10   Next: 72%
Magic:  9/9        EV: 16    Int:  4    God:    Trog [****..]
Gold:   346        SH:  0    Dex: 13    Spells: 0 memorised, 9 levels left

rFire  + . .     SeeInvis .     a - +0 trident
rCold  . . .     Gourm    .     g - +0 ring mail
rNeg   . . .     Faith    .     (no shield)
rPois  +         Spirit   .     (helmet restricted)
rElec  .         Reflect  .     n - +0 cloak
rCorr  .         Harm     .     (no gloves)
MR     .....                    (no boots)
Stlth  +.........               (no amulet)
                                N - ring of poison resistance
                                s - ring of protection from fire

@: no status effects
A: retaliatory headbutt, horns 2
a: Berserk, Trog's Hand, Brothers in Arms, Burn Spellbooks, Renounce Religion


You were on level 10 of the Dungeon.
You worshipped Trog.
Trog was greatly pleased with you.
You were not hungry.

You visited 1 branch of the dungeon, and saw 10 of its levels.
You also visited: Ossuary.

You collected 346 gold pieces.

Inventory:

Hand Weapons
 a - a +0 trident (weapon)
Missiles
 f - 37 arrows (quivered)
Armour
 b - a +0 animal skin
 g - a +0 ring mail (worn)
 n - a +0 cloak (worn)
Jewellery
 r - an uncursed ring of fire {unknown}
 s - a ring of protection from fire (left hand)
 N - a ring of poison resistance (right hand)
Wands
 C - a wand of paralysis (9/24)
 H - a wand of random effects (2/48)
 L - a wand of acid (5/15)
Scrolls
 d - 7 scrolls of teleportation
 e - 3 scrolls of magic mapping
 h - a scroll of immolation {unknown}
 j - a scroll of enchant weapon {unknown}
 k - a scroll of identify
 l - 14 scrolls of remove curse
 t - 2 scrolls of noise {unknown}
 y - 2 scrolls of enchant armour {unknown}
 z - 2 scrolls of blinking {unknown}
 E - a scroll of amnesia {unknown}
 J - 3 scrolls of fog {unknown}
 K - a scroll of fear {unknown}
Potions
 m - 5 potions of heal wounds
 q - 3 potions of haste
 u - 2 potions of might
 v - 2 potions of cure mutation {unknown}
 w - 5 potions of brilliance
 A - 3 potions of curing {unknown}
 B - 2 potions of ambrosia {unknown}
 D - 2 potions of agility {unknown}
 F - a potion of magic {unknown}
Comestibles
 c - 9 bread rations
 i - 5 meat rations
 o - 7 royal jellies
 p - 2 chunks of flesh
 I - 5 fruits


   Skills:
 + Level 10.0 Fighting
 * Level 11.4 Polearms
 + Level 9.5 Armour
 + Level 9.1 Dodging


You had 9 spell levels left.
You didn't know any spells.

Dungeon Overview and Level Annotations

Branches:
Dungeon (10/15)            Temple (0/1) D:6
   Lair: D:8-11         Orc: D:9-12

Altars:
Ashenzari
Dithmenos
Gozag
Hepliaklqana
Kikubaaqudgha
Nemelex Xobeh


Innate Abilities, Weirdness & Mutations

You reflexively headbutt those who attack you in melee.
You have a pair of horns on your head.


Message History

You puncture something! Something hits you!
* * * LOW HITPOINT WARNING * * *
Something closely misses you.
You hit something. Something hits you but does no damage. Something hits you.
* * * LOW HITPOINT WARNING * * *
You miss something. Something hits you but does no damage.
You hit something. Your headbutt misses something. Something hits you.
* * * LOW HITPOINT WARNING * * *
Something hits you.
* * * LOW HITPOINT WARNING * * *
Something hits you.
* * * LOW HITPOINT WARNING * * *
Something hits you but does no damage. Something hits you.
* * * LOW HITPOINT WARNING * * *
Something hits you but does no damage. Something hits you but does no damage.
You see here a hound corpse.
Something hits you!
You die...

...# #..# # # #..#
.. #. #..# #.# ###
#.##..#(..##
..###.........#
#.#.##.##.##.#
#{....# # #@....#
#†###.# #.# #.##.#
.# #.# #.##.##.#
#.# #.##.##.# #.#
#.##.##.# #.#
#.##.##.# #.#
#.##.##.######
#.###.##>...).....


There were no monsters in sight!

Vanquished Creatures
  Pikel (D:9)
  2 hill giants
  A queen bee (D:8)
  A two-headed ogre (D:9)
  A hippogriff (D:7)
  A shadow (D:10)
  A hungry ghost (D:6)
  Menkaure (D:6)
  The ghost of Erac the Conjurer, an amateur HECj (D:4)
  A water moccasin (D:7)
  4 sky beasts
  2 slaves (D:9)
  3 orc warriors
  A necrophage (D:8)
  2 ice beasts
  2 ogres
  2 phantoms
  A big kobold (D:9)
  A crocodile (D:10)
  The ghost of SeriousVitamin the Conjurer, an amateur DECj of Vehumet (D:5)
  A bullfrog (D:7)
  A water moccasin zombie (Ossuary)
  15 killer bees (D:8)
  4 wights (D:6)
  4 crimson imps
  2 bullfrog zombies
  4 jellies
  4 bullfrog skeletons
  A centaur skeleton (D:8)
  7 orc priests
  7 hounds
  6 orc wizards
  5 iguanas
  3 worker ants
  5 big kobold zombies (Ossuary)
  A hound skeleton (D:4)
  2 mummies (Ossuary)
  A howler monkey zombie (D:9)
  A worker ant zombie (D:7)
  3 gnolls (D:7)
  6 adders
  A shadow imp (D:5)
  An ooze (D:3)
  An adder zombie (Ossuary)
  2 worms
  A dart slug (D:5)
  2 leopard geckos
  25 orcs
  4 giant cockroaches
  2 gnoll zombies (Ossuary)
  A goblin (D:3)
  7 hobgoblins
  6 jackals
  5 quokkas
  2 ball pythons
  5 bats
  4 frilled lizards
  3 hobgoblin zombies (Ossuary)
  12 kobolds
  9 kobold zombies (Ossuary)
  8 orc zombies (Ossuary)
  5 rats
  A fulminant prism (D:5)
220 creatures vanquished.

Vanquished Creatures (others)
  A hungry ghost (D:9)
  A fulminant prism (D:5)
  14 fungi (D:10)
  6 plants (D:10)
22 creatures vanquished.

Grand Total: 242 creatures vanquished

Notes
Turn   | Place    | Note
-------+----------+-------------------------------------------
     0 | D:1      | nikopol the Minotaur Berserker began the quest for the Orb.
     0 | D:1      | Reached XP level 1. HP: 19/19 MP: 0/0
   491 | D:2      | Reached XP level 2. HP: 27/27 MP: 1/1
   532 | D:2      | Found a faded altar of an unknown god.
   635 | D:2      | Reached XP level 3. HP: 29/33 MP: 2/2
   932 | D:2      | Reached skill level 4 in Polearms
  1125 | D:3      | Reached ** piety under Trog
  1126 | D:3      | Reached XP level 4. HP: 11/41 MP: 3/3
  1571 | D:3      | Found a sparkling altar of Nemelex Xobeh.
  1584 | D:3      | Reached XP level 5. HP: 45/47 MP: 4/4
  1599 | D:3      | Reached skill level 5 in Fighting
  1639 | D:3      | Found a shadowy altar of Dithmenos.
  1679 | D:3      | Found a shattered altar of Ashenzari.
  1934 | D:3      | Reached skill level 5 in Polearms
  2125 | D:4      | Found a sand-covered staircase.
  2130 | Ossuary  | Entered an ossuary
  2147 | Ossuary  | Reached XP level 6. HP: 44/56 MP: 5/5
  2405 | Ossuary  | Reached *** piety under Trog
  2583 | D:4      | Noticed an orc warrior
  2604 | D:4      | Killed an orc warrior
  2604 | D:4      | Reached XP level 7. HP: 26/62 MP: 6/6
  2828 | D:4      | Found an ancient bone altar of Kikubaaqudgha.
  2977 | D:4      | Found an opulent altar of Gozag.
  3019 | D:4      | Reached skill level 5 in Armour
  3019 | D:4      | Reached skill level 5 in Dodging
  3047 | D:4      | Noticed Erac's ghost (amateur HECj)
  3054 | D:4      | Killed Erac's ghost
  3054 | D:4      | Reached skill level 6 in Polearms
  3314 | D:5      | Entered Level 5 of the Dungeon
  3375 | D:5      | Noticed SeriousVitamin's ghost (amateur DECj)
  3385 | D:5      | Killed SeriousVitamin's ghost
  3389 | D:5      | Reached XP level 8. HP: 71/71 MP: 7/7
  3652 | D:5      | Reached **** piety under Trog
  3835 | D:5      | Reached skill level 7 in Polearms
  4613 | D:6      | Noticed Menkaure
  4619 | D:6      | Killed Menkaure
  4665 | D:6      | Found a hazy altar of Hepliaklqana.
  5321 | D:6      | Found a staircase to the Ecumenical Temple.
  5349 | D:6      | Reached skill level 8 in Polearms
  5692 | D:7      | Noticed a hippogriff
  5703 | D:7      | Killed a hippogriff
  5703 | D:7      | Reached XP level 9. HP: 51/81 MP: 8/8
  6924 | D:8      | Reached skill level 9 in Polearms
  6930 | D:8      | Noticed a queen bee
  6951 | D:8      | Killed a queen bee
  7848 | D:8      | Reached XP level 10. HP: 91/91 MP: 9/9
  8023 | D:8      | Reached skill level 10 in Polearms
  8385 | D:9      | Noticed Pikel
  8409 | D:9      | Noticed a hill giant
  8414 | D:9      | Killed a hill giant
  8418 | D:9      | Killed Pikel
  8964 | D:10     | Entered Level 10 of the Dungeon
  8979 | D:10     | Reached skill level 11 in Polearms
  9024 | D:10     | Noticed a hill giant
  9033 | D:10     | Killed a hill giant
  9033 | D:10     | Reached skill level 10 in Fighting
  9365 | D:10     | HP: 4/93 [something (2)]
  9368 | D:10     | Slain by an unseen horror

Skill      XL: |  1  2  3  4  5  6  7  8  9 10 |
---------------+-------------------------------+-----
Fighting       | 4 5 6 8 9 10 | 10.0
Armour         | 3 4 5 7 8 9 |  9.5
Polearms       | 4 5 6 8 9 11 | 11.4
Dodging        | 3 4 5 7 8 9 |  9.1

Action                   |  1- 3 |  4- 6 |  7- 9 | 10-12 || total
-------------------------+-------+-------+-------+-------++-------
Melee: Spear             |    66 |    32 |       |       ||    98
       Headbutt          |     9 |    40 |    58 |    33 ||   140
       Trident           |       |   169 |   327 |   150 ||   646
Invok: Berserk           |     1 |     1 |     7 |     1 ||    10
  Use: Scroll            |       |     2 |     8 |       ||    10
 Stab: Distracted        |       |     1 |       |       ||     1
  Eat: Chunk             |     1 |     5 |    19 |     6 ||    31
       Pizza             |       |       |     2 |       ||     2
       Royal jelly       |       |       |     1 |       ||     1
Armor: Ring mail         |     9 |    61 |    66 |    36 ||   172
Dodge: Dodged            |    24 |    83 |   159 |    70 ||   336
